 Dungeon Crawl Stone Soup version 0.31.0-32-g396128a36d (webtiles) character file.

Game seed: 4252590088194869271

192 olmar the Magician (level 5, -1/39 HPs)
             Began as a Demigod Hedge Wizard on Mar 13, 2024.
             Slain by an orc wizard
             ... wielding a +1 dagger of venom
              (2 damage)
             ... on level 2 of the Dungeon.
             The game lasted 00:07:20 (4073 turns).

olmar the Magician (Demigod Hedge Wizard)           Turns: 4073, Time: 00:07:21

Health: -1/39      AC:  3    Str: 11    XL:     5   Next: 19%
Magic:  9/14       EV: 12    Int: 20    God:
Gold:   131        SH:  0    Dex: 13    Spells: 4/12 levels left

rFire   . . .        l - +1 short sword (freeze)
rCold   . . .        (no shield)
rNeg    . . .        b - +0 robe
rPois   .            c - +0 hat
rElec   .            (no cloak)
rCorr   .            (no gloves)
SInv    .            m - +0 pair of boots
Will    .....        (no amulet)
Stlth   ++           (no ring)
HPRegen 0.26/turn    (no ring)
MPRegen 0.14/turn

%: no passive effects
@: lethally poisoned (-1 -> -11), very slightly contaminated
A: high MP 1, forlorn, divine attributes
a: no special abilities


You were on level 2 of the Dungeon.
You visited 1 branch of the dungeon, and saw 3 of its levels.

You collected 131 gold pieces.

Inventory:

Hand Weapons
 a - a +0 dagger
 l - a +1 short sword of freezing (weapon)
Missiles
 e - 3 poisoned darts
 g - 2 curare-tipped darts
Armour
 b - a +0 robe (worn)
 c - a +0 hat (worn)
 i - an orb of wrath
 m - a +0 pair of boots (worn)
Jewellery
 k - a ring of ice
Scrolls
 f - a scroll of identify
 h - a scroll of noise
 j - a scroll of immolation {unknown}
 n - a scroll of fog
Potions
 d - a potion of magic


   Skills:
 - Level 0.9 Fighting
 - Level 2.1 Dodging
 - Level 2.3 Stealth
 + Level 4.1 Spellcasting
 - Level 1.6 Conjurations
 - Level 1.2 Summonings
 * Level 1.5 Necromancy
 + Level 0.8 Translocations


You had 4 spell levels left.
You knew the following spells:

 Your Spells              Type           Power      Damage    Failure   Level
a - Magic Dart            Conj           40%        1d5       6%          1
b - Call Imp              Summ           16%        N/A       12%         2
c - Cigotuvi's Dreadful   Necr/Alch/Air  12%        N/A       16%         2
d - Vampiric Draining     Necr           10%        2d6       21%         3

Your spell library contained the following spells:

 Spells                   Type           Power      Damage    Failure   Level
 Necrotise                Necr           40%        1d6       7%          1
 Searing Ray              Conj           20%        2d5       10%         2
 Slow                     Hex            16%        N/A       13%         1
 Blink                    Tloc           14%        N/A       14%         2
 Mephitic Cloud           Conj/Alch/Air  6%         N/A       30%         3
 Martyr's Knell           Necr/Summ      9%         N/A       58%         4
 Fulminant Prism          Conj/Alch      3%         3d5       65%         4
 Curse of Agony           Necr           10%        N/A       88%         5


Dungeon Overview and Level Annotations

Branches:
Dungeon (3/15)


Innate Abilities, Weirdness & Mutations

You have an increased reservoir of magic. (+10% MP)
You shall have no god before yourself.
Your divine heritage dramatically boosts your attributes as you level up.


Message History

Okay, then.
You start resting.
You feel sick. Something hits you.
You are lethally poisoned!
* * * LOW HITPOINT WARNING * * *
You feel very sick. Something hits you.
* * * LOW HITPOINT WARNING * * *
You are more poisoned.
You feel better. Something hits you.
You are poisoned.
Unknown command.
Casting: Magic Dart (safe; 6% risk of failure)
Confirm with . or Enter, or press ? or * to list all spells.
You miscast Call Imp.
You are very lightly contaminated with residual magic.
Nothing appears to happen.
You feel sick. Something hits you.
You are more poisoned.
Unknown command.
Unknown command.
Unknown command.
Unknown command.
* * * LOW HITPOINT WARNING * * *
You feel very sick.
* * * LOW HITPOINT WARNING * * *
You feel very sick.
You feel sick.
Okay, then.
Okay, then.
Casting: Call Imp (safe; 12% risk of failure)
Confirm with . or Enter, or press ? or * to list all spells.
A tiny devil pulls itself out of the air.
* * * LOW HITPOINT WARNING * * *
You feel sick. Something hits you.
* * * LOW HITPOINT WARNING * * *
You are more poisoned.
Unknown command.
* * * LOW HITPOINT WARNING * * *
You feel very sick. Something hits you.
You die...

##### #..># #...#
#..5# ##...###
#......#
#.....@######
#########....!......#
#.......#...........#
#.......#....[......#
#.......#.).........#
#...............<...#
###.................#
#............######
#............#


You could see a friendly cerulean imp (summoned).

Vanquished Creatures
  A bombardier beetle (D:3)
  An orc priest (D:3)
  An orc wizard (D:2)
  An adder (D:2)
  2 ribbon worms (D:3)
  2 dart slugs (D:1)
  An orc (D:3)
  2 ball pythons
  9 bats
  3 endoplasms
  A giant cockroach (D:2)
  6 goblins
  4 hobgoblins (D:2)
  8 jackals
  5 kobolds
  3 quokkas
  3 frilled lizards
  6 rats
59 creatures vanquished.

Vanquished Creatures (collateral kills)
  An adder (D:2)
  A ribbon worm (D:2)
  An orc (D:3)
  An endoplasm (D:2)
  A goblin (D:2)
  A rat (D:2)
6 creatures vanquished.

Grand Total: 65 creatures vanquished

Notes
Turn   | Place    | Note
-------+----------+-------------------------------------------
     0 | D:1      | olmar the Demigod Hedge Wizard began the quest for the Orb.
     0 | D:1      | Reached XP level 1. HP: 14/14 MP: 6/6
   119 | D:1      | Reached skill level 3 in Spellcasting
   341 | D:1      | Reached skill level 1 in Conjurations
   359 | D:1      | Reached skill level 1 in Summonings
   359 | D:1      | Reached XP level 2. HP: 18/20 MP: 1/8
   524 | D:1      | Learned a level 2 spell: Call Imp
  1005 | D:1      | Learned a level 2 spell: Cigotuvi's Dreadful Rot
  1128 | D:1      | Reached XP level 3. HP: 23/26 MP: 10/10
  1208 | D:1      | Learned a level 3 spell: Vampiric Draining
  2551 | D:3      | Reached XP level 4. HP: 10/34 MP: 0/12
  2862 | D:3      | Reached skill level 1 in Necromancy
  3093 | D:2      | HP: 1/34 [something (4)]
  3852 | D:3      | Reached skill level 4 in Spellcasting
  3852 | D:3      | Reached XP level 5. HP: 15/39 MP: 7/14
  4073 | D:2      | HP: 1/39 [poisoned by an orc wizard]
  4073 | D:2      | Slain by an orc wizard

Illustrated notes

Levels and vault maps discovered:
D:1:      minmay_arrival_open_corners, layout_loops_ring, minivault_25,
          minmay_hedge_maze
D:2:      layout_basic
D:3:      layout_basic, grunt_qazlal_clouds, serial_shops, shop

Skill      XL: |  1  2  3  4 |
---------------+-------------+-----
Spellcasting   | 3 4 |  4.1
Conjurations   | 1 |  1.6
Summonings     | 1 |  1.2
Stealth        | 2 |  2.3
Dodging        | 2 |  2.1
Necromancy     | 1 |  1.5
Fighting       | |  0.9
Translocations | |  0.8

Action                     |  1- 3 |  4- 6 || total
---------------------------+-------+-------++-------
  Melee: Dagger            |   125 |     2 ||   127
         Punch             |     1 |       ||     1
         Short sword       |       |    23 ||    23
  Throw: Dart              |       |     3 ||     3
   Cast: Magic Dart        |    99 |    33 ||   132
         Call Imp          |     9 |     9 ||    18
         Cigotuvi's Dreadf |     2 |       ||     2
         Vampiric Draining |       |     1 ||     1
    Use: Potion            |     2 |     2 ||     4
         Scroll            |     1 |     2 ||     3
   Stab: Distracted        |     1 |       ||     1
 Armour: Robe              |   105 |    49 ||   154
  Dodge: Dodged            |   110 |    13 ||   123
